 Dungeon Crawl Stone Soup version 0.29.0-13-gc9e81de378 (webtiles) character file.

Game seed: 5811255330574363924

30 Ofeo the Firebug (level 3, -3/26 HPs)
             Began as a Meteoran Fire Elementalist on Sept 9, 2022.
             Slain by a gnoll bouda
             ... wielding a +0 whip
              (4 damage)
             ... on level 4 of the Dungeon.
             The game lasted 00:01:39 (164 turns).

Ofeo the Firebug (Meteoran Fire Elementalist)        Turns: 164, Time: 00:01:40

Health: -3/26      AC:  2    Str: 10    XL:     3   Next: 55%
Magic:  6/8        EV: 13    Int: 18    God:
Gold:   16         SH:  0    Dex: 14    Spells: 5/8 levels left

rFire   . . .      SeeInvis .   (no weapon)
rCold   . . .      Faith    .   (no shield)
rNeg    . . .      Spirit   .   a - +0 robe
rPois   .          Reflect  .   (no helmet)
rElec   .          Harm     .   (no cloak)
rCorr   .          Rampage  .   (no gloves)
Will    .....                   (no boots)
Stlth   +.........              (no amulet)
HPRegen 0.08/turn               (no ring)
MPRegen 0.11/turn               (no ring)

@: glowing
A: sense surroundings 1, otherworldly, glowing, explore regen
a: no special abilities


You were on level 4 of the Dungeon.
You visited 1 branch of the dungeon, and saw 5 of its levels.

You collected 16 gold pieces.

Inventory:

Armour
 a - a +0 robe (worn)
Scrolls
 c - a scroll of teleportation {unknown}
 d - a scroll of summoning {unknown}


   Skills:
 + Level 2.9 Dodging
 + Level 1.7 Stealth
 + Level 3.1 Spellcasting
 + Level 1.9 Conjurations
 + Level 3.9 Fire Magic


You had 5 spell levels left.
You knew the following spells:

 Your Spells              Type           Power      Damage    Failure   Level
a - Foxfire               Conj/Fire      52%        2x1d6     4%          1
b - Scorch                Fire           34%        2d6       4%          2

Your spell library contained the following spells:

 Spells                   Type           Power      Damage    Failure   Level
 Conjure Flame            Conj/Fire      13%        6-21      14%         3
 Inner Flame              Hex/Fire       9%         N/A       22%         3
 Flame Wave               Conj/Fire      13%        2d6       43%         4


Dungeon Overview and Level Annotations

Branches:
Dungeon (5/15) Zot: 2835
 Temple: D:4-7

Altars:


Innate Abilities, Weirdness & Mutations

You passively map a small area around you.
You are easily found by Zot.
You glow in the dark.
You regain HP and MP as you explore.


Message History

The gnoll hits you from afar with a +0 spear.
* * * LOW HITPOINT WARNING * * *
You take 5 damage, and have 6/26 hp.
The gnoll bouda attacks as you move away!
The gnoll bouda closely misses you.
A hound comes into view.
The hound barks!
The gnoll bouda attacks as you move away!
The gnoll bouda barely misses you.
Casting: Foxfire (safe; 4% risk of failure)
Confirm with . or Enter, or press ? or * to list all spells.
You conjure some foxfire!
The gnoll is no longer moving quickly.
The foxfire hits the gnoll bouda.
The gnoll bouda is lightly wounded.
You now have 7/8 mp.
Casting: Foxfire (safe; 4% risk of failure)
Confirm with . or Enter, or press ? or * to list all spells.
You conjure some foxfire!
The gnoll is no longer moving quickly.
The foxfire hits the gnoll bouda but does no damage.
The gnoll bouda is lightly wounded.
The foxfire hits the gnoll.
The gnoll is heavily wounded.
You now have 6/8 mp.
You hit the hound.
The hound is lightly wounded.
The hound closely misses you.
The gnoll bouda barks out a call to the hunt!
The gnolls pick up the pace!
You hit the hound but do no damage.
The hound is lightly wounded.
The hound completely misses you. The gnoll hits you with a +0 whip.
* * * LOW HITPOINT WARNING * * *
The gnoll bouda barely misses you. The hound closely misses you.
You take 5 damage, and have 2/26 hp.
You closely miss the hound.
The hound is lightly wounded.
The gnoll barely misses you. The hound bites you.
* * * LOW HITPOINT WARNING * * *
The gnoll bouda hits you with a +0 whip.
You die...

* *, ,, #..# , #
#).# #. ##.## .#..
##..#
#....###...#### *
#......g......# ,
.#.#####g##.####
#..* ##g##.#
#..####g@#..# *
#......h##.##
#.....).>.#
#.......####
,#..........#* ,
..#.....###.....
#..,#.............
#...#.....########
* * ,#......#


You could see a gnoll bouda, a hound, 2 gnolls and a hobgoblin.

Vanquished Creatures
  2 gnolls (D:4)
  A ball python (D:1)
  A bat (D:3)
  A goblin (D:1)
  2 hobgoblins (D:1)
  2 jackals (D:1)
  A rat (D:1)
10 creatures vanquished.

Vanquished Creatures (others)
  30 foxfires
30 creatures vanquished.

Grand Total: 40 creatures vanquished

Notes
Turn   | Place    | Note
-------+----------+-------------------------------------------
     0 | D:1      | Ofeo the Meteoran Fire Elementalist began the quest for the
                  | Orb.
     0 | D:1      | Reached XP level 1. HP: 14/14 MP: 5/5
    64 | D:1      | Reached XP level 2. HP: 16/20 MP: 1/6
   129 | D:5      | Entered Level 5 of the Dungeon
   135 | D:4      | Learned a level 2 spell: Scorch
   147 | D:4      | Reached XP level 3. HP: 18/26 MP: 3/8
   164 | D:4      | HP: 1/26 [hound (1)]
   164 | D:4      | Slain by a gnoll bouda

Illustrated notes

Levels and vault maps discovered:
D:1:      dpeg_arrival_oval, layout_basic, nicolae_hexahallways, minmay_cupped
D:2:      layout_loops_corners, kennysheep_generic_room_3
D:3:      layout_basic, shapermc_ecumenical_altar_mp_highgroup
D:4:      nicolae_cairo_tiling, layout_rooms, st_stairs_4
D:5:      layout_loops_ring, minmay_temple_entry_statues_fountains,
          chequers_serial_rivers_micro_b, grunt_ministairs_14

Skill      XL: |  1  2 |
---------------+-------+-----
Spellcasting   | 3 |  3.1
Dodging        | |  2.9
Stealth        | |  1.7
Conjurations   | |  1.9
Fire Magic     | |  3.9

Action                   || total
-------------------------++-------
Melee: Unarmed           ||    12
 Cast: Foxfire           ||    17
       Scorch            ||     2
  Use: Potion            ||     1
Armor: Robe              ||     3
Dodge: Dodged            ||    16
